 Dungeon Crawl Stone Soup version 0.31-a0-826-ga5cc291a1b (webtiles) character file.

Game seed: 5805495709675180491

56 qw the Shooter (level 3, -1/22 HPs)
             Began as a Gargoyle Hunter on Sept 23, 2023.
             Slain by a gnoll
             ... wielding a +0 spear
              (6 damage)
             ... on level 2 of the Dungeon.
             The game lasted 00:00:29 (995 turns).

qw the Shooter (Gargoyle Hunter)                     Turns: 995, Time: 00:00:29

Health: -1/22      AC: 11    Str: 14    XL:     3   Next: 97%
Magic:  3/3        EV: 10    Int:  9    God:
Gold:   45         SH:  0    Dex: 15    Spells: 2/2 levels left

rFire   . . .        Y - +0 shortbow
rCold   + . .        (shield currently unavailable)
rNeg    + . .        e - +2 ring mail {rC+}
rPois   inf          (no helmet)
rElec   +            (no cloak)
rCorr   .            i - +0 pair of gloves
SInv    .            (no boots)
Will    .....        (no amulet)
Stlth   +            (no ring)
HPRegen 0.23/turn    (no ring)
MPRegen 0.08/turn

%: no passive effects
@: no status effects
A: sickness immunity, AC +3, negative energy resistance 1, electricity
resistance, torment resistance 1, petrification resistance
a: no special abilities


You were on level 2 of the Dungeon.
You visited 1 branch of the dungeon, and saw 2 of its levels.

You collected 45 gold pieces.


Innate Abilities, Weirdness & Mutations

You are immune to sickness and miasma.
Your stone body is resilient. (AC +3)
You are immune to poison.
You resist negative energy. (rN+)
You are resistant to electric shocks. (rElec)
You are resistant to unholy torment.
You are immune to petrification.


   Skills:
 + Level 2.7 Fighting
 - Level 5.0 Ranged Weapons
 - Level 1.2 Armour
 - Level 1.5 Dodging
 - Level 1.1 Stealth


You had 2 spell levels left.
You didn't know any spells.
Your spell library was empty.

Inventory:

Hand Weapons
 Y - a +0 shortbow (weapon)
Armour
 e - a +2 ring mail of cold resistance (worn)
 i - a +0 pair of gloves (worn)
Scrolls
 a - a scroll of noise {unknown}
Potions
 d - 2 potions of curing {unknown}

Dungeon Overview and Level Annotations

Branches:
Dungeon (2/15)

Altars:


Message History

You kill the gnoll!
You shoot an arrow. The arrow barely misses the gnoll.
You shoot an arrow. The arrow hits the gnoll!
The gnoll is severely wounded.
A gnoll comes into view. It is wielding a +0 club.
The gnoll closely misses you. The gnoll hits you but does no damage.
You shoot an arrow. The gnoll shouts!
The arrow hits the gnoll.
The gnoll is severely wounded.
The gnoll hits you but does no damage.
You shoot an arrow. The arrow closely misses the gnoll.
The arrow hits the gnoll but does no damage.
The gnoll completely misses you.
You shoot an arrow. The arrow closely misses the gnoll.
The arrow barely misses the gnoll.
The gnoll hits you but does no damage. x2
You shoot an arrow. The arrow hits the gnoll.
The gnoll is almost dead.
The gnoll hits you from afar with a +0 spear.
You shoot an arrow. The arrow hits the gnoll.
The gnoll is lightly wounded.
The gnoll hits you from afar with a +0 spear.
The gnoll hits you but does no damage.
You shoot an arrow. The arrow hits the gnoll.
The gnoll is moderately wounded.
The gnoll hits you with a +0 club.
The gnoll hits you from afar with a +0 spear.
The gnoll hits you with a +0 club. The gnoll barely misses you.
You shoot an arrow.
The arrow hits the gnoll but does no damage.
The gnoll is moderately wounded.
The gnoll hits you but does no damage.
You shoot an arrow. The arrow hits the gnoll.
The gnoll is heavily wounded.
The gnoll hits you but does no damage. The gnoll barely misses you.
You shoot an arrow. The arrow completely misses the gnoll.
The gnoll hits you but does no damage.
The gnoll hits you from afar with a +0 spear.
You die...

#...........#
#...........#
#...........# ##+##
#...........# #...#
#...........# #...#..
#............ #...#(.
#....g......# ....#.#
#....@.g.....
....#.########..######..
....#.#...<.....##..##
.##.#.#.#######......##
>##.#.#.###.%%.)%.#...##
.##.#.....#.#.)..##....#
.#....#.#.#.##..##[##..#
.#..#.......###.#.##..##
#..###.#.###
#.###...##.#


You could see 2 gnolls.

Vanquished Creatures
  An adder (D:2)
  A gnoll (D:2)
  A ball python (D:2)
  7 endoplasms
  6 goblins (D:1)
  4 hobgoblins
  A quokka (D:1)
  3 bats
  2 frilled lizards (D:1)
  5 kobolds
  A rat (D:1)
32 creatures vanquished.

Notes
Turn   | Place    | Note
-------+----------+-------------------------------------------
     0 | D:1      | qw the Gargoyle Hunter began the quest for the Orb.
     0 | D:1      | Reached XP level 1. HP: 12/12 MP: 1/1
     0 | D:1      | 0 ||| qw: Version: 0.3-a-83-gcd0e7d8
     0 | D:1      | 0 ||| qw: Game counter: 1890
     0 | D:1      | 0 ||| qw: Melee chars always use a shield: true
     0 | D:1      | 0 ||| qw: God list: Okawaru
     0 | D:1      | 0 ||| qw: Allow faded altars: false
     0 | D:1      | 0 ||| qw: Do Orc after clearing Dungeon:15 true
     0 | D:1      | 0 ||| qw: Do second Lair branch before Depths: true
     0 | D:1      | 0 ||| qw: Lair rune preference: random
     0 | D:1      | 0 ||| qw: Goals: Normal
     0 | D:1      | 0 ||| PLANNING D:1-11
   118 | D:1      | 118 ||| Stepping ~*~*~tactically~*~*~ (water).
   155 | D:1      | Reached XP level 2. HP: 17/17 MP: 2/2
   396 | D:1      | 396 ||| DROPPING +0 antimagic sling.
   590 | D:1      | 590 ||| Stepping ~*~*~tactically~*~*~ (water).
   596 | D:1      | Reached XP level 3. HP: 21/21 MP: 3/3
   777 | D:1      | 777 ||| UPGRADING to +2 ring mail of cold resistance.
   787 | D:1      | 787 ||| DROPPING +0 leather armour.
   788 | D:1      | 788 ||| UPGRADING to +0 pair of gloves.
   793 | D:1      | 793 ||| READING scroll labelled FARGHU MAOSEAL.
   794 | D:1      | 794 ||| READING scroll labelled JIMNUKL NUIQAENN.
   795 | D:1      | 795 ||| DRINKING 2 inky potions.
   833 | D:1      | 833 ||| DROPPING scroll of butterflies.
   834 | D:1      | 834 ||| DROPPING potion of lignification.
   939 | D:2      | Reached skill level 1 in Armour
   942 | D:2      | Reached skill level 5 in Ranged Weapons
   992 | D:2      | HP: 4/22 [gnoll/+0 club (5)]
   995 | D:2      | Slain by a gnoll

Levels and vault maps discovered:
D:1:      beargit_arrival_diablo_church, layout_basic, serial_rivers,
          chequers_serial_rivers_micro_b, chequers_serial_rivers_small_3,
          chequers_serial_rivers_small_3, chequers_serial_rivers_micro_e,
          chequers_serial_rivers_micro_d, dreamdust_mushroom_princess
D:2:      layout_basic, minivault_14, minmay_cupped

Skill      XL: |  1  2  3 |
---------------+----------+-----
Armour         | 1 |  1.2
Ranged Weapons | 5 |  5.0
Fighting       | |  2.7
Dodging        | |  1.5
Stealth        | |  1.1

Action                     || total
---------------------------++-------
   Fire: Shortbow          ||   122
    Use: Scroll            ||     2
         Potion            ||     1
 Armour: Leather armour    ||     9
         Ring mail         ||    29
  Dodge: Dodged            ||    33

Table legend:
 A = Non-vault XP
 B = Vault XP
 C = Vault XP percentage of total XP
 D = Non-vault monster count
 E = Vault monster count
 F = Vault count percentage of total count
                 A         B        C        D         E       F
            +---------+---------+-------+---------+---------+-------
      Total |      59 |      22 |  27.2 |      27 |       5 |  15.6
            +---------+---------+-------+---------+---------+-------
        D:1 |      38 |       0 |   0.0 |      22 |       0 |   0.0
        D:2 |      21 |      22 |  51.2 |       5 |       5 |  50.0
            +---------+---------+-------+---------+---------+-------
